 Dungeon Crawl Stone Soup version 0.29.1-1-gd02db6906a (webtiles) character file.

Game seed: 6149518317634548415

186 hawla the Firebug (level 6, 0/45 HPs)
             Began as a Meteoran Fire Elementalist on Oct 4, 2022.
             Slain by a gnoll
             ... wielding a +0 spear
              (3 damage)
             ... on level 3 of the Dungeon.
             The game lasted 00:08:38 (1510 turns).

hawla the Firebug (Meteoran Fire Elementalist)      Turns: 1510, Time: 00:08:39

Health: 0/45       AC:  4    Str: 11    XL:     6   Next: 19%
Magic:  0/11       EV: 13    Int: 18    God:
Gold:   116        SH:  0    Dex: 14    Spells: 4/11 levels left

rFire   + . .      SeeInvis .   j - +3 mace
rCold   . . .      Faith    .   (no shield)
rNeg    . . .      Spirit   .   a - +0 robe
rPois   .          Reflect  .   d - +0 helmet
rElec   .          Harm     .   (no cloak)
rCorr   .          Rampage  .   (no gloves)
Will    .....                   g - +0 pair of boots
Stlth   +.........              (no amulet)
HPRegen 0.15/turn               h - ring of protection from fire
MPRegen 0.12/turn               l - ring of flight

@: on berserk cooldown, attractive, flying, hasted, glowing, very quick
A: sense surroundings 1, otherworldly, glowing, explore regen
a: no special abilities


You were on level 3 of the Dungeon.
You visited 1 branch of the dungeon, and saw 4 of its levels.

You collected 116 gold pieces.

Inventory:

Hand Weapons
 j - a +3 mace (weapon)
Armour
 a - a +0 robe (worn)
 d - a +0 helmet (worn)
 g - a +0 pair of boots (worn)
Jewellery
 h - a ring of protection from fire (left hand)
 l - a ring of flight (right hand)
Wands
 k - a wand of roots (8)
Scrolls
 r - a scroll of amnesia
Potions
 b - a potion of magic
 c - a potion of cancellation
 s - a potion of lignification {unknown}


   Skills:
 - Level 3.2 Dodging
 - Level 1.4 Stealth
 - Level 3.3 Spellcasting
 * Level 3.5 Conjurations
 + Level 5.8 Fire Magic


You had 4 spell levels left.
You knew the following spells:

 Your Spells              Type           Power      Damage    Failure   Level
a - Foxfire               Conj/Fire      76%        2x1d7     2%          1
b - Scorch                Fire           46%        2d7       2%          2
c - Flame Wave            Conj/Fire      19%        2d7       24%         4

Your spell library contained the following spells:

 Spells                   Type           Power      Damage    Failure   Level
 Conjure Flame            Conj/Fire      19%        6-21      7%          3
 Inner Flame              Hex/Fire       13%        N/A       14%         3
 Ignite Poison            Fire/Tmut/Pois 9%         N/A       22%         3
 Mephitic Cloud           Conj/Pois/Air  7%         N/A       28%         3
 Freezing Cloud           Conj/Ice/Air   3%         6-21      95%         5


Dungeon Overview and Level Annotations

Branches:
Dungeon (4/15) Zot: 888
 Temple: D:4-7

Altars:
Uskayaw


Innate Abilities, Weirdness & Mutations

You passively map a small area around you.
You are easily found by Zot.
You glow in the dark.
You regain HP and MP as you explore.


Message History

You hit the worm.
The worm is heavily wounded.
The worm misses you.
Casting: Scorch (safe; 2% risk of failure)
Confirm with . or Enter, or press ? or * to list all spells.
Flames lash the worm.
You kill the worm!
You hear a shout! x2
The gnoll shouts! x2
The gnoll hits you from afar with a +0 spear.
The gnoll is attracted toward you. x2
Things that are here:
a +0 short sword; a worm corpse; an orc corpse The gnoll attacks as you move away!
The gnoll hits you with a +0 spear. The gnoll closely misses you.
The gnoll is attracted toward you. x2
Things that are here:
a +0 dagger; a +0 leather armour The gnoll barely misses you.
The gnoll is attracted toward you. x2
The gnoll hits you but does no damage. The gnoll is attracted toward you. x3
Okay, then.
The gnoll misses you. x2; The gnoll is attracted toward you. x2
The gnoll misses you. The gnoll is attracted toward you. x2
You feel yourself speed up. The gnoll barely misses you.
The gnoll is attracted toward you. x2
The gnoll is attracted toward you. x2
The gnoll closely misses you. The gnoll is attracted toward you. x3
The gnoll hits you from afar with a +0 spear!
* * * LOW HITPOINT WARNING * * *
Casting: Scorch (safe; 2% risk of failure)
Confirm with . or Enter, or press ? or * to list all spells.
Flames lash the gnoll.
The gnoll is severely wounded.
The gnoll's fire resistance burns away.
Casting: Scorch (safe; 2% risk of failure)
Confirm with . or Enter, or press ? or * to list all spells.
You conjure some foxfire!
The gnoll closely misses you. The gnoll hits you with a +0 flail!
* * * LOW HITPOINT WARNING * * *
The gnoll hits you from afar with a +0 spear.
You die...

##.####.#######..#
.................### **
##...........§.....
####.#.........)... , , #
#.#.###.####...#* * #
#.#.###.# #...# ** * * #
#.......# #...# * , ,
###.##### #v..# * ,
#.########.@.##
##.#...##...gv.# * ,
#####....#..#.#g.g.# * **
...(..........##.#.####### ,*
* .####'##..##....§§.#.....# ,
#.⌠.##.........§..###.# *
,##...##..#..###§#####.####.##
##...##.......§# #.........
*..##...##...#§#§# #.g###.###


You could see 3 gnolls.

Vanquished Creatures
  An iguana (D:4)
  An orc wizard (D:3)
  4 adders
  A gnoll (D:3)
  3 worms
  A dart slug (D:2)
  12 orcs
  2 endoplasms
  A giant cockroach (D:3)
  6 goblins
  2 hobgoblins
  10 jackals
  8 kobolds
  3 quokkas (D:1)
  5 ball pythons
  2 bats
  2 frilled lizards (D:3)
  2 rats (D:2)
66 creatures vanquished.

Vanquished Creatures (others)
  128 foxfires
128 creatures vanquished.

Grand Total: 194 creatures vanquished

Notes
Turn   | Place    | Note
-------+----------+-------------------------------------------
     0 | D:1      | hawla the Meteoran Fire Elementalist began the quest for
                  | the Orb.
     0 | D:1      | Reached XP level 1. HP: 14/14 MP: 5/5
    35 | D:1      | Found a faded altar of an unknown god.
   181 | D:1      | Reached XP level 2. HP: 20/20 MP: 4/6
   184 | D:1      | Learned a level 2 spell: Scorch
   478 | D:1      | Reached skill level 4 in Fire Magic
   488 | D:1      | Reached XP level 3. HP: 26/26 MP: 0/8
   500 | D:1      | Glimpsed the power of Zot.
   685 | D:2      | Reached XP level 4. HP: 32/33 MP: 0/9
   690 | D:2      | Learned a level 4 spell: Flame Wave
  1101 | D:2      | Glimpsed the power of Zot.
  1169 | D:3      | Reached XP level 5. HP: 38/38 MP: 3/10
  1195 | D:3      | Reached skill level 5 in Fire Magic
  1212 | D:3      | You are sucked into a shaft and drop 1 floor!
  1282 | D:4      | Noticed a +0 dagger
  1282 | D:4      | Noticed a +0 hand axe
  1295 | D:4      | Found a hide-covered altar of Uskayaw.
  1485 | D:3      | Reached XP level 6. HP: 23/45 MP: 1/11
  1510 | D:3      | Slain by a gnoll

Illustrated notes

Levels and vault maps discovered:
D:1:      tarquinn_simple_flora_water_b, layout_loops_cross,
          ebering_ecumenical_altar_webs
D:2:      layout_basic, minmay_tetromino_s4
D:3:      layout_loops_cross, grunt_decor_arrowhead, grunt_ministairs_11,
          dreamdust_princess_corridor, uniq_robin, uniq_crazy_yiuf_cottage,
          uniq_natasha
D:4:      layout_gridville, dancing_weapons_uskayaw, uniq_eustachio

Skill      XL: |  1  2  3  4  5 |
---------------+----------------+-----
Fire Magic     | 4 5 |  5.8
Spellcasting   | 3 |  3.3
Dodging        | 3 |  3.2
Conjurations   | 2 3 |  3.5
Stealth        | |  1.4

Action                   |  1- 3 |  4- 6 || total
-------------------------+-------+-------++-------
Melee: Unarmed           |     4 |    10 ||    14
       Mace              |       |    11 ||    11
       Punch             |       |     1 ||     1
 Cast: Foxfire           |    35 |    42 ||    77
       Scorch            |     7 |    24 ||    31
  Use: Scroll            |     3 |     7 ||    10
       Potion            |       |     6 ||     6
Armor: Robe              |     7 |    16 ||    23
Dodge: Dodged            |     3 |    48 ||    51
